 Dungeon Crawl Stone Soup version 0.21.1-1-g345015fe64 (webtiles) character file.

46 Kohma the Sneak (level 3, 0/16 HPs)
             Began as a Spriggan Enchanter on June 27, 2018.
             Slain by an orc
             ... wielding a +0 short sword
              (3 damage)
             ... on level 3 of the Dungeon.
             The game lasted 00:09:00 (2769 turns).

Kohma the Sneak (Spriggan Enchanter)                Turns: 2769, Time: 00:09:01

Health: 0/16       AC:  3    Str:  5    XL:     3   Next: 46%
Magic:  3/8        EV: 20    Int: 16    God:
Gold:   73         SH:  0    Dex: 16    Spells: 4/7 levels left

rFire    . . .     SeeInvis +   a - +1 dagger
rCold    . . .     Gourm    .   (shield restricted)
rNeg     . . .     Faith    .   b - +1 robe
rPois    .         Spirit   .   (helmet restricted)
rElec    .         Reflect  .   (no cloak)
rCorr    .         Harm     .   (gloves unavailable)
MR       .....                  (boots unavailable)
Stlth    +++.......             (no amulet)
HPRegen  0.05/turn              (no ring)
MPRegen  0.11/turn              (no ring)

@: very slightly contaminated, very quick
A: very small, unfitting armour, see invisible, herbivore, speed 3, slow
metabolism 2
a: no special abilities


You were on level 3 of the Dungeon.
You were not hungry.

You visited 1 branch of the dungeon, and saw 3 of its levels.

You collected 73 gold pieces.

Inventory:

Hand Weapons
 a - a +1 dagger (weapon)
Missiles
 f - 114 stones (quivered)
 j - 43 arrows
Armour
 b - a +1 robe (worn)
Jewellery
 i - an uncursed ring of poison resistance {unknown}
 n - an uncursed ring of protection from fire {unknown}
 p - an uncursed ring of fire {unknown}
 r - an uncursed ring of protection from fire {unknown}
 t - an uncursed amulet of the gourmand {unknown}
 v - an uncursed ring of resist corrosion {unknown}
Scrolls
 e - a scroll of magic mapping
 k - a scroll of amnesia
 l - 3 scrolls of remove curse
 o - a scroll of fog
Potions
 h - a potion of agility {unknown}
 m - a potion of curing {unknown}
 q - a potion of heal wounds {unknown}
 s - a potion of degeneration {unknown}
Books
 c - a book of Maledictions

   Spells                             Type                      Level
   a - Corona                         Hexes                        1
   b - Ensorcelled Hibernation        Hexes/Ice                    2
   c - Confuse                        Hexes                        3
   d - Tukima's Dance                 Hexes                        3
   e - Dazzling Spray                 Conjuration/Hexes            3
Comestibles
 d - 5 rations


   Skills:
 - Level 1.1 Short Blades
 * Level 4.5 Dodging
 * Level 5.8 Stealth
 - Level 2.6 Spellcasting
 - Level 3.6 Hexes


You had 4 spell levels left.
You knew the following spells:

 Your Spells              Type           Power        Failure   Level  Hunger
a - Corona                Hex            ##.....      4%          1    #......
b - Ensorcelled Hibernat  Hex/Ice        #.....       14%         2    ##.....


Dungeon Overview and Level Annotations

Branches:
Dungeon (3/15)

Altars:
Okawaru


Innate Abilities, Weirdness & Mutations

You are very small and have problems with some larger weapons.
You are too small for most types of armour.
You have supernaturally acute eyesight. (SInv)
You are a herbivore.
You cover ground extremely quickly.
You need consume almost no food.


Message History

You miscast Ensorcelled Hibernation.
You feel a strange surge of energy! The orc hits you with a short sword.
The orc hits you.
The orc hits you from afar with a trident.
* * * LOW HITPOINT WARNING * * *
As you read the scroll labeled XAHY XUSUCAPALAE, it crumbles to dust.
It is a scroll of amnesia.
Okay, then.
The orc completely misses you. The orc hits you.
* * * LOW HITPOINT WARNING * * *
As you read the scroll labeled DEDIXU UPNUTTUNN, it crumbles to dust.
You feel blessed for a moment.
It was a scroll of remove curse.
As you read the scroll labeled UDUZEGGETH, it crumbles to dust.
The scroll dissolves into smoke.
It was a scroll of fog.
As you read the scroll labeled DOERIH TEAMOWA, it crumbles to dust.
It is a scroll of identify.
e - a scroll of magic mapping
As you read the scroll labeled BUAHEI HELA, it crumbles to dust.
It is a scroll of enchant armour.
Your +0 robe glows green for a moment.
The orc hits you with a short sword.
You die...

#........##...####..###
#.###########.....#..†.
#.# #####.###.. #.#
#.###.. #.# #...... #.#
###########..).. #.#
##§..#...###..... #.#
##o§§.o........... #.#
#@o§§og........... #.#
##############.... #.##
#.... #..# #.... ####
##.## .#


You could see 2 orcs.

Vanquished Creatures
  A worm (D:2)
  2 leopard geckos
  2 giant cockroaches
  6 goblins
  6 hobgoblins
  4 jackals
  6 kobolds
  5 bats
  A frilled lizard (D:1)
  3 rats
36 creatures vanquished.

Notes
Turn   | Place    | Note
-------+----------+-------------------------------------------
     0 | D:1      | Kohma the Spriggan Enchanter began the quest for the Orb.
     0 | D:1      | Reached XP level 1. HP: 9/9 MP: 5/5
   511 | D:1      | Reached XP level 2. HP: 13/13 MP: 6/6
   527 | D:1      | Reached skill level 5 in Stealth
   627 | D:1      | Learned a level 2 spell: Ensorcelled Hibernation
  1472 | D:2      | Found an iron altar of Okawaru.
  1603 | D:2      | Found a faded altar of an unknown god.
  1616 | D:2      | Reached XP level 3. HP: 16/16 MP: 5/8
  2769 | D:3      | Slain by an orc

Skill      XL: |  1  2 |
---------------+-------+-----
Stealth        | 5 |  5.8
Dodging        | 4 |  4.5
Short Blades   | |  1.1
Spellcasting   | |  2.6
Hexes          | |  3.6

Action                   || total
-------------------------++-------
Melee: Dagger            ||   126
 Cast: Corona            ||    11
       Ensorcelled Hiber ||    28
  Use: Scroll            ||     5
 Stab: Sleeping          ||    27
  Eat: Ration            ||     1
Armor: Robe              ||    24
Dodge: Dodged            ||   145
